 Dungeon Crawl Stone Soup version 0.31-a0-369-g8eba5f6939 (webtiles) character file.

Game seed: 13545186447172536062

5 mopl the Stinger (level 1, -1/13 HPs)
             Began as a Formicid Venom Mage on July 28, 2023.
             Slain by a quokka (4 damage)
             ... on level 1 of the Dungeon.
             The game lasted 00:00:33 (77 turns).

mopl the Stinger (Formicid Venom Mage)                Turns: 77, Time: 00:00:33

Health: -1/13      AC:  2    Str: 12    XL:     1   Next: 88%
Magic:  0/3        EV: 12    Int: 14    God:
Gold:   8          SH:  0    Dex: 14    Spells: 3/4 levels left

rFire   . . .        (no weapon)
rCold   . . .        (no shield)
rNeg    . . .        a - +0 robe
rPois   .            (helmet unavailable)
rElec   .            (no cloak)
rCorr   .            (no gloves)
SInv    +            (no boots)
Will    .....        (no amulet)
Stlth   ++           (no ring)
HPRegen 0.22/turn    (no ring)
MPRegen 0.08/turn

%: no passive effects
@: no status effects
A: permanent stasis, dig shafts and tunnels, antennae 3, four strong arms
a: Dig, Shaft Self


You were on level 1 of the Dungeon.
You visited 1 branch of the dungeon, and saw 1 of its levels.

You collected 8 gold pieces.

Inventory:

Armour
 a - a +0 robe (worn)
Scrolls
 c - a scroll of amnesia {unknown}
Potions
 b - a potion of magic


   Skills:
 - Level 1.7 Dodging
 - Level 2.4 Stealth
 + Level 2.4 Spellcasting
 - Level 1.1 Transmutations
 + Level 4.2 Poison Magic


You had 3 spell levels left.
You knew the following spells:

 Your Spells              Type           Power      Damage    Failure   Level
a - Sting                 Tmut/Pois      36%        1d4       8%          1

Your spell library contained the following spells:

 Spells                   Type           Power      Damage    Failure   Level
 Poisonous Vapours        Pois/Air       14%        N/A       14%         2
 Mephitic Cloud           Conj/Pois/Air  5%         N/A       36%         3
 Olgreb's Toxic Radiance  Pois           13%        N/A       36%         4


Dungeon Overview and Level Annotations

Branches:
Dungeon (1/15)

Altars:


Innate Abilities, Weirdness & Mutations

You cannot be hasted, slowed, berserked, paralysed or teleported.
You can dig through walls and to a lower floor.
You have a pair of large antennae on your head. (SInv)
Your four strong arms can wield two-handed weapons with a shield.


Message History

You kill the hobgoblin!
You barely miss the goblin. The goblin misses you.
You closely miss the goblin. The goblin closely misses you.
You barely miss the goblin. The goblin hits you with a +0 club.
You closely miss the goblin. The goblin closely misses you.
You hit the goblin.
You kill the goblin!
No target in view!
No target in view!
No target in view!
Things that are here:
a +0 club; a goblin corpse You enter the shallow water.
Moving in this stuff is going to be slow.
You now have 7 gold pieces (gained 1).
There is a faded altar of an unknown god here.
This altar belongs to (a) Fedhas, (b) Uskayaw or (c) Lugonu, but you can't tell which.
Press the corresponding letter to learn more about a god, or press enter to convert or escape to cancel.
Okay, then.
You enter the shallow water.
Moving in this stuff is going to be slow.
You now have 8 gold pieces (gained 1).
A quokka comes into view.
The sting misses the bat.
The bat hits you. x2; The bat completely misses you.
The sting hits the bat.
The bat is poisoned.
The bat is moderately wounded.
The bat barely misses you. The bat hits you. x2
You barely miss the bat.
The bat is moderately wounded.
You kill the bat!
Found 2 stones.
The quokka twitches its whiskers.
You hit the quokka but do no damage. The quokka misses you.
You hit the quokka but do no damage. The quokka bites you.
The quokka misses you.
You barely miss the quokka. The quokka bites you.
* * * LOW HITPOINT WARNING * * *
You are too injured to fight recklessly!
You are too injured to fight recklessly!
You hit the quokka but do no damage. The quokka bites you.
You die...

. (.# # ..# ###
.#..# { ..#
#...#.#
#.###......#
#.#######.#)#.#
#....##.....r#
#....~~~.@###.#
#)#..~_~......# {
##.##.~~~.#†..##
##..##.....#...#{{
#...###...##...#
######.#########
####
..............
8...........8.
............[.


You could see a quokka.

Vanquished Creatures
  A ball python (D:1)
  2 goblins (D:1)
  A hobgoblin (D:1)
  A bat (D:1)
5 creatures vanquished.

Notes
Turn   | Place    | Note
-------+----------+-------------------------------------------
     0 | D:1      | mopl the Formicid Venom Mage began the quest for the Orb.
     0 | D:1      | Reached XP level 1. HP: 13/13 MP: 3/3
    27 | D:1      | Found a faded altar of an unknown god.
    77 | D:1      | Slain by a quokka

Illustrated notes

Levels and vault maps discovered:
D:1:      giann_forest_graveyard, layout_loops_ring,
          hellmonk_ecumenical_altar_pennies_from_heaven, serial_bayou_pond_b

Action                     || total
---------------------------++-------
  Melee: Unarmed           ||    16
   Cast: Sting             ||     7
 Armour: Robe              ||     2
  Dodge: Dodged            ||    19

Table legend: (Time is in decaauts)
 A = Elapsed time spent in this place.
 B = Non-inter-level travel time spent in this place.
 C = Inter-level travel time spent in this place.
 D = Time resting spent in this place.
 E = Time spent auto-exploring this place.
 F = Levels seen in this place.
 G = Mean time per level.
                   A        B        C        D        E       F      G
               +--------+--------+--------+--------+--------+-----+--------+
         Total |     78 |     78 |      0 |      0 |     20 |   1 |   78.0 |
       Dungeon |     78 |     78 |      0 |      0 |     20 |   1 |   78.0 |
               +--------+--------+--------+--------+--------+-----+--------+

Top non-repeatable levels by time:
     D:1: 78 daAuts
